 Dungeon Crawl Stone Soup version 0.31.0-11-ge490571c62 (webtiles) character file.

Game seed: 7211496328501224428

70 qw the Shooter (level 4, -2/25 HPs)
             Began as a Deep Elf Hunter on Feb 3, 2024.
             Slain by Grinder (5 damage)
             ... while paralysed by Grinder
             ... on level 3 of the Dungeon.
             The game lasted 00:00:05 (1577 turns).

qw the Shooter (Deep Elf Hunter)                    Turns: 1577, Time: 00:00:06

Health: -2/25      AC:  6    Str: 10    XL:     4   Next: 3%
Magic:  6/6        EV:  2    Int: 14    God:
Gold:   128        SH:  0    Dex: 18    Spells: 3/3 levels left

rFire   . . .        a - +0 shortbow
rCold   . . .        (shield currently unavailable)
rNeg    . . .        d - +0 ring mail
rPois   .            (no helmet)
rElec   .            (no cloak)
rCorr   .            h - +0 pair of gloves
SInv    .            (no boots)
Will    .....        (no amulet)
Stlth   +            (no ring)
HPRegen 0.24/turn    (no ring)
MPRegen 0.10/turn

%: no passive effects
@: paralysed, hasted
A: no striking features
a: no special abilities


You were on level 3 of the Dungeon.
You visited 1 branch of the dungeon, and saw 3 of its levels.

You collected 128 gold pieces.


   Skills:
 - Level 1.5 Fighting
 + Level 7.4 Ranged Weapons
 - Level 2.4 Dodging
 - Level 1.2 Stealth


You had 3 spell levels left.
You didn't know any spells.
Your spell library was empty.

Inventory:

Hand Weapons
 a - a +0 shortbow (weapon)
Armour
 d - a +0 ring mail (worn)
 h - a +0 pair of gloves (worn)
Potions
 c - a potion of berserk rage {unknown}

Dungeon Overview and Level Annotations

Branches:
Dungeon (3/15)

Altars:

Shops:
D:3 (

Annotations:
D:3 Grinder, Jessica, Sigmund


Message History

You shoot an arrow. The arrow barely misses Grinder.
The arrow closely misses Sigmund.
You shoot an arrow. The arrow hits Grinder.
Grinder is moderately wounded.
Grinder blinks!
Jessica hits you but does no damage. Sigmund completely misses you.
You shoot an arrow. The arrow hits Jessica!
Jessica is almost dead.
Jessica completely misses you.
You shoot an arrow. The arrow closely misses Jessica.
Sigmund points at you and mumbles some strange words.
You resist with some effort.
Jessica casts a spell.
Jessica blinks!
You shoot an arrow. The arrow hits Sigmund.
Sigmund is heavily wounded.
Sigmund misses you.
You shoot an arrow. The arrow closely misses Sigmund.
You shoot an arrow. The arrow hits Grinder.
Grinder is moderately wounded.
Sigmund closely misses you.
You shoot an arrow. The arrow hits Grinder.
Grinder is heavily wounded.
Grinder barely misses you.
You shoot an arrow. The arrow closely misses Grinder.
The arrow hits Sigmund.
Sigmund is heavily wounded.
Grinder gestures at you.
You suddenly lose the ability to move!
Sigmund flickers, as though insubstantial.
Sigmund hits you from afar with a +0 scythe.
Jessica mumbles some strange words.
Jessica blinks!
An orc comes into view. It is wielding a +0 hand axe.
Grinder hits you but does no damage.
Sigmund hits you from afar with a +0 scythe!
Grinder hits you.
You writhe in agony.
Grinder hits you but does no damage. Sigmund hits you but does no damage.
Grinder hits you.
You writhe in agony.
You die...
Grinder says, "Hey, I wasn't done torturing you yet!"

##### +...# ###...#
..#...# #.#...#
##.#...# . #
##..#...#######.
....#o#...............
.....@5@.#####....###.
.......### #....#
.#####.#######....#
#.#..........#
#.#.......[..#
#.#..........#
$.#.).......(# #
..#..........### #
#.......#....# #


You could see Grinder, Sigmund and an orc.

Vanquished Creatures
  An adder (D:2)
  A dart slug (D:2)
  A ribbon worm (D:2)
  An orc (D:3)
  A ball python (D:1)
  6 bats
  10 endoplasms
  A giant cockroach (D:2)
  2 goblins
  5 hobgoblins
  5 jackals
  4 kobolds
  3 quokkas (D:1)
  2 frilled lizards (D:1)
  4 rats
47 creatures vanquished.

Notes
Turn   | Place    | Note
-------+----------+-------------------------------------------
     0 | D:1      | qw the Deep Elf Hunter began the quest for the Orb.
     0 | D:1      | Reached XP level 1. HP: 12/12 MP: 3/3
     0 | D:1      | 0 ||| qw: Version: 0.3-a-157-g843a77d
     0 | D:1      | 0 ||| qw: Game counter: 4025
     0 | D:1      | 0 ||| qw: Melee chars always use a shield: true
     0 | D:1      | 0 ||| qw: God list: Okawaru
     0 | D:1      | 0 ||| qw: Allow faded altars: false
     0 | D:1      | 0 ||| qw: Do Orc after clearing Dungeon:15 true
     0 | D:1      | 0 ||| qw: Do second Lair branch before Depths: true
     0 | D:1      | 0 ||| qw: Lair rune preference: random
     0 | D:1      | 0 ||| qw: Goals: Normal
     0 | D:1      | 0 ||| PLANNING D:1-11
    77 | D:1      | Reached XP level 2. HP: 16/16 MP: 4/4
    87 | D:1      | Reached skill level 6 in Ranged Weapons
   528 | D:1      | Reached XP level 3. HP: 14/20 MP: 5/5
   769 | D:1      | 769 ||| UPGRADING to +0 ring mail.
   779 | D:1      | 779 ||| DROPPING +0 leather armour.
   780 | D:1      | 780 ||| UPGRADING to +0 pair of gloves.
   785 | D:1      | 785 ||| DROPPING +6 ring of intelligence.
   786 | D:1      | 786 ||| READING scroll labelled REUCUCH LOODGHU.
   787 | D:1      | 787 ||| READING 2 scrolls labelled PIKYME QIUQEPP.
   787 | D:1      | 787 ||| IDENTIFYING smoky puce potion
   788 | D:1      | 788 ||| READING scroll of identify.
   788 | D:1      | 788 ||| IDENTIFYING orange potion
   789 | D:1      | 789 ||| DRINKING 2 metallic pink potions.
   790 | D:1      | 790 ||| DROPPING scroll of butterflies.
   791 | D:1      | 791 ||| DROPPING potion of lignification.
   792 | D:1      | 792 ||| DROPPING potion of brilliance.
   981 | D:2      | Reached skill level 7 in Ranged Weapons
  1155 | D:2      | Found a faded altar of an unknown god.
  1500 | D:2      | 1500 ||| READING scroll labelled HIBOTOOHOL.
  1531 | D:3      | Found Daoqegg's Weapon Shoppe.
  1538 | D:3      | Reached XP level 4. HP: 25/25 MP: 6/6
  1555 | D:3      | Noticed Sigmund
  1556 | D:3      | 1556 ||| DRINKING potion of haste.
  1557 | D:3      | Noticed Jessica
  1557 | D:3      | Noticed Grinder
  1573 | D:3      | Paralysed by Grinder for 5 turns
  1577 | D:3      | HP: 3/25 [Grinder (5)]
  1577 | D:3      | Slain by Grinder

Levels and vault maps discovered:
D:1:      sevenhm_arrival_forest_fort_small_3, layout_basic,
          kennysheep_another_room
D:2:      layout_loops_ring, ebering_ecumenical_altar_abandoned
D:3:      layout_basic, mainiacjoe_overflow_chevrons, serial_shops, shop,
          pf_guarded_unrand_delatra, uniq_robin, uniq_jessica, uniq_natasha,
          uniq_sigmund, uniq_grinder

Skill      XL: |  1  2  3 |
---------------+----------+-----
Ranged Weapons | 6 7 |  7.4
Fighting       | |  1.5
Dodging        | |  2.4
Stealth        | |  1.2

Action                     |  1- 3 |  4- 6 || total
---------------------------+-------+-------++-------
   Fire: Shortbow          |   109 |    16 ||   125
    Use: Scroll            |     4 |       ||     4
         Potion            |     1 |     1 ||     2
 Armour: Leather armour    |    15 |       ||    15
         Ring mail         |     5 |     9 ||    14
  Dodge: Dodged            |    31 |     7 ||    38

Table legend:
 A = Non-vault XP
 B = Vault XP
 C = Vault XP percentage of total XP
 D = Non-vault monster count
 E = Vault monster count
 F = Vault count percentage of total count
                 A         B        C        D         E       F
            +---------+---------+-------+---------+---------+-------
      Total |      97 |       3 |   3.0 |      46 |       1 |   2.1
            +---------+---------+-------+---------+---------+-------
        D:1 |      44 |       0 |   0.0 |      24 |       0 |   0.0
        D:2 |      51 |       0 |   0.0 |      21 |       0 |   0.0
        D:3 |       2 |       3 |  60.0 |       1 |       1 |  50.0
            +---------+---------+-------+---------+---------+-------
